 Dungeon Crawl Stone Soup version 0.30-a0-738-g116ff8c4af (webtiles) character file.

Game seed: 10476234328399670344

70 voltaire321 the Grasshopper (level 4, 37/37 HPs)
             Began as a Ghoul Warper on Feb 4, 2023.
             Quit the game on level 2 of the Dungeon.
             The game lasted 00:04:01 (1679 turns).

voltaire321 the Grasshopper (Ghoul Warper)          Turns: 1679, Time: 00:04:02

Health: 37/37      AC:  4    Str: 14    XL:     4   Next: 22%
Magic:  6/6        EV: 11    Int:  8    God:
Gold:   150        SH:  0    Dex: 10    Spells: 5/7 levels left

rFire   . . .      SeeInvis .      - Unarmed
rCold   + . .      Faith    .    (no shield)
rNeg    + + +      Spirit   .    a - +0 leather armour
rPois   ∞          Reflect  .    (no helmet)
rElec   .          Harm     .    (no cloak)
rCorr   .          Rampage  .    (no gloves)
Will    .....                    j - +0 pair of boots
Stlth   +                        (no amulet)
HPRegen 0.26/turn                (no ring)
MPRegen 0.10/turn                (no ring)

@: no status effects
A: claws 1, cold resistance 1, negative energy resistance 3, inhibited
regeneration, torment resistance 2, devour on kill
a: no special abilities


You were on level 2 of the Dungeon.
You visited 1 branch of the dungeon, and saw 2 of its levels.

You collected 150 gold pieces.

Inventory:

Missiles
 c - 7 boomerangs of dispersal (quivered)
 d - 8 poisoned darts
Armour
 a - a +0 leather armour (worn)
 j - a +0 pair of boots (worn)
Jewellery
 e - a ring of fire
 m - an amulet of regeneration
Scrolls
 b - a scroll of blinking
 g - a scroll of immolation {unknown}
 h - a scroll of fear {unknown}
 i - a scroll of enchant armour {unknown}
 k - a scroll of torment {unknown}
 l - a scroll of identify {unknown}
Potions
 f - a potion of ambrosia {unknown}
 n - a potion of attraction {unknown}


   Skills:
 + Level 2.5 Fighting
 + Level 1.4 Throwing
 + Level 1.6 Armour
 + Level 2.1 Dodging
 + Level 2.6 Unarmed Combat
 + Level 2.2 Spellcasting
 + Level 3.0 Translocations


You had 5 spell levels left.
You knew the following spells:

 Your Spells              Type           Power      Damage    Failure   Level
a - Blink                 Tloc           10%        N/A       19%         2

Your spell library contained the following spells:

 Spells                   Type           Power      Damage    Failure   Level
 Lesser Beckoning         Tloc           10%        N/A       19%         2
 Teleport Other           Tloc           5%         N/A       36%         3
 Cigotuvi's Dreadful Rot  Necr/Pois/Air  0%         N/A       54%         2
 Poisonous Vapours        Pois/Air       0%         N/A       54%         2
 Portal Projectile        Hex/Tloc       6%         N/A       56%         3
 Vhi's Electric Charge    Tloc/Air       6%         N/A       56%         3
 Manifold Assault         Tloc           5%         N/A       77%         4
 Call Canine Familiar     Summ           0%         N/A       78%         3
 Mephitic Cloud           Conj/Pois/Air  0%         N/A       78%         3
 Airstrike                Air            0%         2d(0-16)  99%         4
 Leda's Liquefaction      Hex/Erth       0%         N/A       99%         4
 Summon Lightning Spire   Summ/Air       0%         N/A       99%         4
 Lightning Bolt           Conj/Air       0%         1d11      100%        5


Dungeon Overview and Level Annotations

Branches:
Dungeon (2/15)

Altars:


Innate Abilities, Weirdness & Mutations

You are immune to poison.
You have sharp fingernails.
Your flesh is cold resistant. (rC+)
You are immune to negative energy. (rN+++)
You do not regenerate when monsters are visible.
You are immune to unholy pain and torment.
You thrive by killing the living.


Message History

The hobgoblin is lightly wounded.
The hobgoblin closely misses you.
You scratch the hobgoblin.
The hobgoblin is moderately wounded.
The hobgoblin hits you.
You scratch the hobgoblin.
You kill the hobgoblin!
You feel better.
You see here a hobgoblin corpse.
Found a stone staircase leading up.
Found a stone staircase leading up.
Found an escape hatch in the ceiling.
You now have 130 gold pieces (gained 11).
There is a stone staircase leading up here.
Found a stone staircase leading down.
A frilled lizard comes into view.
Found a club.
The frilled lizard hisses angrily.
The frilled lizard bites you.
You claw the frilled lizard!
You kill the frilled lizard!
l - a scroll labelled XUASMIPPO GIM
Found a stone staircase leading down.
There is a stone staircase leading down here.
m - an amulet of regeneration You now have 138 gold pieces (gained 8).
A frilled lizard comes into view.
The frilled lizard hisses angrily.
You barely miss the frilled lizard.
The frilled lizard bites you but does no damage.
You closely miss the frilled lizard. The frilled lizard barely misses you.
You barely miss the frilled lizard. The frilled lizard closely misses you.
You closely miss the frilled lizard. You claw the frilled lizard!
You kill the frilled lizard!
You now have 150 gold pieces (gained 12).
d - 8 poisoned darts (gained 4)
n - a black potion You see here the +9 dagger "Niasmiad" {speed, Str+3}.
Are you sure you want to abandon this character and quit the game? (Confirm with "yes".)

#.##.#####.##.....#..#
####.##.#####.########..#
#.............# #...#>####
#.##>##.####### #.#.#.....
#.##..#.# #.#.#.####
#.###.#.# ####### #.#.#.#
#.###.#.# #.....#
#.#.#.#### #.......#
#.....###.#.#.#...
#####.###
#@........#.......
###.#####.....#######.#...
#......##.....# #....####
#.#.##.######## #.####
#.#.##.# #.# #...##.# #.#
#.####.# #.#
#......######### #.#
#.######.......# #.#


There were no monsters in sight!

Vanquished Creatures
  2 adders (D:2)
  A worm (D:2)
  A dart slug (D:1)
  5 ball pythons
  7 endoplasms
  2 giant cockroaches (D:1)
  A goblin (D:1)
  4 hobgoblins
  2 jackals (D:2)
  A quokka (D:1)
  5 bats
  4 frilled lizards
  6 kobolds
  5 rats
46 creatures vanquished.

Notes
Turn   | Place    | Note
-------+----------+-------------------------------------------
     0 | D:1      | voltaire321 the Ghoul Warper began the quest for the Orb.
     0 | D:1      | Reached XP level 1. HP: 17/17 MP: 2/2
   232 | D:1      | Reached skill level 1 in Throwing
   232 | D:1      | Reached skill level 1 in Armour
   264 | D:1      | Reached XP level 2. HP: 17/24 MP: 3/3
   443 | D:1      | Reached XP level 3. HP: 28/30 MP: 5/5
  1070 | D:2      | Learned a level 2 spell: Blink
  1249 | D:2      | Reached skill level 3 in Translocations
  1326 | D:2      | Reached XP level 4. HP: 37/37 MP: 6/6
  1678 | D:2      | Identified the +9 dagger "Niasmiad" {speed, Str+3}
  1679 | D:2      | Quit the game

Illustrated notes

Levels and vault maps discovered:
D:1:      dpeg_arrival_circle_labyrinth_c, layout_basic
D:2:      layout_loops_cross, minmay_heptomino_h4

Skill      XL: |  1  2  3 |
---------------+----------+-----
Throwing       | 1 |  1.4
Armour         | 1 |  1.6
Dodging        | 2 |  2.1
Spellcasting   | 2 |  2.2
Translocations | 3 |  3.0
Fighting       | |  2.5
Unarmed Combat | |  2.6

Action                     |  1- 3 |  4- 6 || total
---------------------------+-------+-------++-------
  Melee: Unarmed           |   119 |    35 ||   154
 Armour: Leather armour    |    38 |    11 ||    49
  Dodge: Dodged            |    77 |    16 ||    93

Table legend: (Time is in decaauts)
 A = Elapsed time spent in this place.
 B = Non-inter-level travel time spent in this place.
 C = Inter-level travel time spent in this place.
 D = Time resting spent in this place.
 E = Time spent auto-exploring this place.
 F = Levels seen in this place.
 G = Mean time per level.
                   A        B        C        D        E       F      G
               +--------+--------+--------+--------+--------+-----+--------+
         Total |   1671 |   1559 |    112 |     43 |   1183 |   2 |  835.5 |
       Dungeon |   1671 |   1559 |    112 |     43 |   1183 |   2 |  835.5 |
               +--------+--------+--------+--------+--------+-----+--------+

Top non-repeatable levels by time:
     D:1: 1043 daAuts
     D:2: 628 daAuts
